 Dungeon Crawl Stone Soup version 0.27.1-1-g398f81649c (webtiles) character file.

Game seed: 6450472663009302401

60 Crownlay the Skirmisher (level 3, 0/37 HPs)
             Began as a Minotaur Monk on Sept 21, 2021.
             Slain by an orc (2 damage)
             ... on level 3 of the Dungeon.
             The game lasted 00:02:01 (1645 turns).

Crownlay the Skirmisher (Minotaur Monk)             Turns: 1645, Time: 00:02:01

Health: 0/37       AC:  6    Str: 15    XL:     3   Next: 82%
Magic:  2/2        EV: 10    Int:  7    God:
Gold:   63         SH:  0    Dex: 13    Spells: 2/2 levels left

rFire    . . .     SeeInvis .   j - +0 long sword
rCold    . . .     Faith    .   (no shield)
rNeg     . . .     Spirit   .   g - +0 scale mail
rPois    .         Reflect  .   (helmet restricted)
rElec    .         Harm     .   (no cloak)
rCorr    .         Rampage  .   (no gloves)
Will     .....                  (no boots)
Stlth    ..........             (no amulet)
HPRegen  0.12/turn              (no ring)
MPRegen  0.08/turn              (no ring)

@: attractive
A: horns 2, retaliatory headbutt
a: no special abilities


You were on level 3 of the Dungeon.
You visited 1 branch of the dungeon, and saw 3 of its levels.

You collected 63 gold pieces.

Inventory:

Hand Weapons
 j - a +0 long sword (weapon)
Armour
 g - a +0 scale mail (worn)
Scrolls
 c - a scroll of immolation {unknown}
 d - 2 scrolls of identify {unknown}
 e - a scroll of silence {unknown}
 h - a scroll of vulnerability {unknown}
 i - a scroll of teleportation {unknown}
 l - a scroll of fear {unknown}


   Skills:
 + Level 5.8 Fighting
 - Level 3.6 Long Blades
 - Level 3.2 Dodging
 - Level 1.5 Stealth


You had 2 spell levels left.
You didn't know any spells.
Your spell library contained the following spells:

 Spells                   Type           Power      Damage    Failure   Level
 Summon Small Mammal      Summ           0%         N/A       89%         1
 Call Canine Familiar     Summ           0%         N/A       99%         3
 Summon Guardian Golem    Hex/Summ       0%         N/A       99%         3
 Tukima's Dance           Hex            0%         N/A       99%         3
 Passage of Golubria      Tloc           N/A        N/A       100%        4
 Yara's Violent Unravell  Hex/Tmut       0%         3d3       100%        5


Dungeon Overview and Level Annotations

Branches:
Dungeon (3/15)

Altars:


Innate Abilities, Weirdness & Mutations

You have a pair of horns on your head.
You reflexively headbutt those who attack you in melee.


Message History

The orc hits you but does no damage.
You hit something.
You hear some strange, mumbled words.
A magic dart appears from out of thin air!
The magic dart hits you!
* * * LOW HITPOINT WARNING * * *
The orc priest looks encouraged for a moment.
The orc closely misses you.
You feel less confused. The orc hits you but does no damage.
You closely miss the orc. Something hits you but does no damage.
The orc hits you but does no damage.
You hit the orc.
You kill the orc!
Something hits you.
* * * LOW HITPOINT WARNING * * *
Something hits you.
* * * LOW HITPOINT WARNING * * *
The orc priest hits you with a +0 short sword.
* * * LOW HITPOINT WARNING * * *
You barely miss the orc priest.
An orc comes into view. It is wielding a +0 dagger.
Something hits you.
* * * LOW HITPOINT WARNING * * *
The orc priest hits you with a +0 short sword.
* * * LOW HITPOINT WARNING * * *
It was a potion of attraction.
You feel attractive to monsters. Something hits you but does no damage.
The orc priest hits you but does no damage.
The orc is pulled toward you!
You barely miss the orc priest. The orc priest barely misses you.
You riposte.
You hit the orc priest.
The orc priest is moderately wounded.
You closely miss the orc priest.
The orc priest is moderately wounded.
The orc priest hits you with a +0 short sword.
* * * LOW HITPOINT WARNING * * *
The orc hits you with a +0 dagger.
You die...

..###......##..# ..
#..........##... ..## .#..
.......!...###...
...##.#.. ....#......#
#### ...#.... ...##......#
.....#.. ... #......##
###....... .. #.......#
#.........
#.......######.........
..####...@o##.............
.(.......o))..............
..##......................
..........................
###.......................
#.......................
#.......................
##......................
##...#.).##############


You could see an orc priest and an orc.

Vanquished Creatures
  2 adders
  A dart slug (D:3)
  An orc (D:3)
  6 ball pythons
  2 bats
  An endoplasm (D:1)
  2 giant cockroaches
  9 goblins
  2 hobgoblins
  A kobold (D:1)
  3 quokkas
  6 frilled lizards
  3 rats
39 creatures vanquished.

Notes
Turn   | Place    | Note
-------+----------+-------------------------------------------
     0 | D:1      | Crownlay the Minotaur Monk began the quest for the Orb.
     0 | D:1      | Reached XP level 1. HP: 19/19 MP: 0/0
    46 | D:1      | Reached skill level 4 in Fighting
   279 | D:1      | Reached XP level 2. HP: 28/28 MP: 1/1
   383 | D:1      | Found a faded altar of an unknown god.
   947 | D:2      | Reached skill level 5 in Fighting
   947 | D:2      | Reached XP level 3. HP: 5/36 MP: 2/2
  1645 | D:3      | Slain by an orc

Illustrated notes

Levels and vault maps discovered:
D:1:      lightli_arrival_statuegarden, layout_basic,
          shapermc_ecumenical_altar_totnotflames
D:2:      layout_basic
D:3:      layout_rooms, minmay_joined_circles

Skill      XL: |  1  2 |
---------------+-------+-----
Fighting       | 4 5 |  5.8
Long Blades    | |  3.6
Dodging        | |  3.2
Stealth        | |  1.5

Action                   || total
-------------------------++-------
Melee: Falchion          ||    60
       Headbutt          ||    12
       Long sword        ||    13
  Use: Potion            ||     2
Armor: Robe              ||     7
       Scale mail        ||    20
Dodge: Dodged            ||    53
       Rpst.: Falchion   ||    13
       Long sword        ||     2
